 Dungeon Crawl Stone Soup version 0.25-a0-316-gd28d56f9c5 (webtiles) character file.

Game seed: 5749430529366221571, levelgen mode: classic

1391 Borgoz the Slasher (level 8, -6/69 HPs)
             Began as a Gargoyle Berserker on Dec 24, 2019.
             Was a Priest of Trog.
             Mangled by an orc warrior
             ... wielding a +0 trident
              (8 damage)
             ... on level 6 of the Dungeon.
             The game lasted 00:07:12 (4802 turns).

Borgoz the Slasher (Gargoyle Berserker)             Turns: 4802, Time: 00:07:12

Health: -6/69      AC: 13    Str: 26    XL:     8   Next: 68%
Magic:  0/8        EV: 13    Int:  8    God:    Trog [***...]
Gold:   297        SH:  0    Dex: 11    Spells: 7/7 levels left

rFire    + . .     SeeInvis +   a - +0 falchion
rCold    + . .     Gourm    .   (no shield)
rNeg     + . .     Faith    .   f - +0 scale mail
rPois    ∞         Spirit   +   (no helmet)
rElec    +         Reflect  .   r - scarf {rC+ rF+}
rCorr    .         Harm     .   k - +0 pair of gloves
MR       .....                  (no boots)
Stlth    ..........             g - amulet of guardian spirit
HPRegen  0.21/turn              j - ring of see invisible
MPRegen  0.11/turn              (no ring)

@: berserking, very quick
A: negative energy resistance 1, electricity resistance, unbreathing,
petrification resistance, rot immunity, AC +5
a: Berserk, Trog's Hand, Renounce Religion


You were on level 6 of the Dungeon.
You worshipped Trog.
Trog was most pleased with you.
You were hungry.

You visited 1 branch of the dungeon, and saw 6 of its levels.

You collected 297 gold pieces.

Inventory:

Hand Weapons
 a - a +0 falchion (weapon)
Armour
 f - a +0 scale mail (worn)
 k - a +0 pair of gloves (worn)
 r - a scarf of resistance (worn)
Jewellery
 g - an amulet of guardian spirit (around neck)
 j - a ring of see invisible (left hand)
 s - an uncursed ring of positive energy
Wands
 p - a wand of paralysis (11)
Scrolls
 b - 5 scrolls of teleportation
 e - 4 scrolls of remove curse
 i - a scroll of random uselessness {unknown}
 n - 2 scrolls of magic mapping
Potions
 h - 2 potions of curing
 l - 2 potions of mutation
 m - a potion of berserk rage
 o - a potion of magic
 q - a potion of agility
 t - a potion of brilliance
 u - a potion of flight {unknown}
 v - a potion of heal wounds {unknown}
Comestibles
 c - 7 rations


   Skills:
 - Level 3.2 Fighting
 * Level 7.2 Long Blades
 - Level 2.4 Armour
 * Level 6.3 Dodging


You had 7 spell levels left.
You didn't know any spells.
Your spell library was empty.

Dungeon Overview and Level Annotations

Branches:
Dungeon (6/15)             Temple (0/1) D:5

Altars:
Dithmenos
Hepliaklqana
Kikubaaqudgha
Qazlal
Vehumet
Zin
The Shining One


Innate Abilities, Weirdness & Mutations

You are resistant to torment.
Your stone body is resilient. (AC +5)
You are immune to poison.
You resist negative energy. (rN+)
You are resistant to electric shocks. (rElec)
You can survive without breathing.
You are immune to petrification.
You are immune to rotting.


Message History

The phantom hits you but does no damage.
The orc barely misses you.
You barely miss the phantom. The orc barely misses you.
The phantom hits you but does no damage.
The orc warrior hits you from afar with a +0 trident.
* * * LOW HITPOINT WARNING * * *
You barely miss the phantom. The orc hits you but does no damage.
The orc closely misses you.
Unknown command.
You closely miss the phantom.
The phantom hits you but does no damage.
The orc warrior hits you from afar with a +0 trident!
* * * LOW HITPOINT WARNING * * *
You hit the phantom.
The phantom is lightly damaged.
The orc closely misses you.
You riposte.
You barely miss the orc.
The orc is heavily wounded.
The orc hits you but does no damage. The phantom barely misses you.
The orc warrior hits you from afar with a +0 trident!
You die...

# # # #....... ....... #.#
#....... ....... #......
..#....##.......#...... #......
..#....##.......#..... #......
..#.... #...........# #......
.....# #...........# #......
.....# #.....o♣oo..# #......
.....# #....≈oW@...# #...... ..#
####.P♣≈♣....#######......
..###........≈.≈........).....#..
#.............##..............#.#
..##.......... ###............#.#
..# ......... #............#..
............. #............###
...##.. ..... #...............
.#.###+###########...............


You could see a phantom, an orc warrior, an orc priest and 2 orcs.

Vanquished Creatures
  Prince Ribbit (D:6)
  Eustachio (D:5)
  2 ice beasts (D:6)
  A sky beast (D:5)
  A phantom (D:4)
  An ogre (D:6)
  A centaur (D:4)
  3 scorpions
  A howler monkey (D:6)
  A jelly (D:6)
  An orc priest (D:5)
  3 worker ants (D:4)
  4 gnolls (D:3)
  5 adders
  A shadow imp (D:6)
  An adder skeleton (D:4)
  3 worms
  3 leopard geckos
  9 orcs
  8 bats
  5 giant cockroaches
  8 hobgoblins
  8 jackals
  9 kobolds
  A quokka (D:3)
  2 ball pythons
  15 frilled lizards
  8 goblins
  A quokka skeleton (D:5)
  6 rats
114 creatures vanquished.

Notes
Turn   | Place    | Note
-------+----------+-------------------------------------------
     0 | D:1      | Borgoz the Gargoyle Berserker began the quest for the Orb.
     0 | D:1      | Reached XP level 1. HP: 14/14 MP: 1/1
    63 | D:1      | Reached XP level 2. HP: 18/19 MP: 2/2
   123 | D:1      | Reached skill level 3 in Long Blades
   559 | D:1      | Reached XP level 3. HP: 23/23 MP: 3/3
   847 | D:2      | Reached ** piety under Trog
  1030 | D:2      | Reached XP level 4. HP: 23/28 MP: 2/4
  1328 | D:2      | Found a faded altar of an unknown god.
  1475 | D:3      | Reached skill level 4 in Long Blades
  1475 | D:3      | Reached XP level 5. HP: 23/32 MP: 2/5
  1740 | D:3      | Found a hazy altar of Hepliaklqana.
  2197 | D:4      | Reached *** piety under Trog
  2211 | D:4      | Noticed a phantom
  2286 | D:4      | Found a shadowy altar of Dithmenos.
  2307 | D:5      | Entered Level 5 of the Dungeon
  2326 | D:5      | Reached XP level 6. HP: 28/37 MP: 3/6
  2826 | D:4      | Found a stormy altar of Qazlal.
  2971 | D:4      | Killed a phantom
  2971 | D:4      | Reached skill level 5 in Long Blades
  3034 | D:4      | Reached XP level 7. HP: 17/41 MP: 4/7
  3567 | D:5      | Found a staircase to the Ecumenical Temple.
  3572 | D:5      | Noticed Eustachio
  3604 | D:5      | Killed Eustachio
  3663 | D:5      | Found a stormy altar of Qazlal.
  3775 | D:5      | Reached skill level 6 in Long Blades
  3775 | D:5      | Reached skill level 5 in Dodging
  3999 | D:6      | Reached XP level 8. HP: 28/46 MP: 6/8
  4005 | D:6      | Noticed Prince Ribbit
  4018 | D:6      | Killed Prince Ribbit
  4327 | D:6      | Found an ancient bone altar of Kikubaaqudgha.
  4327 | D:6      | Found a glowing golden altar of the Shining One.
  4328 | D:6      | Found a radiant altar of Vehumet.
  4336 | D:6      | Reached skill level 7 in Long Blades
  4533 | D:6      | Found a glowing silver altar of Zin.
  4801 | D:6      | HP: 2/69 [orc warrior/+0 trident (9)]
  4802 | D:6      | Mangled by an orc warrior

Levels and vault maps discovered:
D:1:      minmay_arrival_glassed_features, layout_loops_ring
D:2:      layout_basic, serial_bayou, serial_bayou_pond_b, serial_bayou_shore_b,
          serial_bayou_pond_b, serial_bayou_crossing,
          chequers_ecumenical_altar_twisty
D:3:      layout_rooms, lemuel_doored_altar, minmay_lizard_king
D:4:      layout_gridville, nicolae_dithmenos_the_darkroom, lemuel_tele_altar
D:5:      layout_cave_pools, temple_fountains, basic_altar, first_ration,
          uniq_eustachio
D:6:      layout_basic, gammafunk_temple_overflow_forgotten,
          kennysheep_little_box, serial_bayou, serial_bayou_shore_b,
          serial_bayou_pond_d, serial_bayou_shore_b, serial_bayou_ford_a,
          serial_bayou_pond_a, serial_bayou_shore_a, uniq_edmund,
          uniq_prince_ribbit1

Skill      XL: |  1  2  3  4  5  6  7  8 |
---------------+-------------------------+-----
Long Blades    | 3 4 5 6 7 |  7.2
Dodging        | 2 3 4 5 6 |  6.3
Fighting       | |  3.2
Armour         | |  2.4

Action                   |  1- 3 |  4- 6 |  7- 9 || total
-------------------------+-------+-------+-------++-------
Melee: Falchion          |   130 |   271 |   184 ||   585
Invok: Berserk           |     1 |     4 |     3 ||     8
       Trog's Hand       |       |     3 |     1 ||     4
  Use: Scroll            |       |     5 |     5 ||    10
       Potion            |       |     1 |     1 ||     2
  Eat: Chunk             |     2 |    10 |     6 ||    18
       Ration            |       |       |     1 ||     1
Armor: Animal skin       |    52 |       |       ||    52
       Scale mail        |    12 |   133 |   103 ||   248
Dodge: Dodged            |   100 |   158 |   135 ||   393
       Rpst.: Falchion   |    36 |    51 |    47 ||   134

Table legend:
 A = Non-vault XP
 B = Vault XP
 C = Vault XP percentage of total XP
 D = Non-vault monster count
 E = Vault monster count
 F = Vault count percentage of total count
                 A         B        C        D         E       F
            +---------+---------+-------+---------+---------+-------
      Total |    1499 |     489 |  24.6 |     102 |      12 |  10.5
            +---------+---------+-------+---------+---------+-------
        D:1 |      44 |       0 |   0.0 |      30 |       0 |   0.0
        D:2 |      70 |       2 |   2.8 |      24 |       1 |   4.0
        D:3 |      73 |      11 |  13.1 |      12 |       9 |  42.9
        D:4 |     446 |       0 |   0.0 |      16 |       0 |   0.0
        D:5 |     348 |     202 |  36.7 |      11 |       1 |   8.3
        D:6 |     518 |     274 |  34.6 |       9 |       1 |  10.0
            +---------+---------+-------+---------+---------+-------
